 Dungeon Crawl Stone Soup version 0.30-a0-1053-gbd8d5ba0ad (webtiles) character file.

Game seed: 7735589590925956625

4256 BlueFish the Covert (level 10, -1/65 HPs)
             Began as an Octopode Warper on Apr 11, 2023.
             Was a Priest of Cheibriados.
             Slain by a troll (17 damage)
             ... on level 10 of the Dungeon.
             The game lasted 00:26:20 (11846 turns).

BlueFish the Covert (Octopode Warper)              Turns: 11846, Time: 00:26:20

Health: -1/65      AC:  1    Str: 22    XL:     10   Next: 31%
Magic:  17/17      EV: 17    Int: 23    God:    Cheibriados [***...]
Gold:   587        SH:  0    Dex: 24    Spells: 11/18 levels left

rFire   . . .      SeeInvis .      - Unarmed
rCold   . . .      Faith    .    (no shield)
rNeg    . . .      Spirit   .    (helmet restricted)
rPois   .          Reflect  .    (no amulet)
rElec   .          Rampage  .    n - +6 ring of dexterity
rCorr   .                        (no ring)
Will    .....                    (no ring)
Stlth   ++++++                   (no ring)
HPRegen 0.30/turn                (no ring)
MPRegen 0.15/turn                (no ring)
                                 (no ring)
                                 (no ring)

@: very slow
A: almost no armour, amphibious, 8 rings, camouflage 1, gelatinous body 1,
(nimble swimmer 1), tentacles
a: Renounce Religion, Bend Time, Temporal Distortion


You were on level 10 of the Dungeon.
You worshipped Cheibriados.
Cheibriados was most pleased with you.
You visited 2 branches of the dungeon, and saw 11 of its levels.
You also visited: Ossuary.

You collected 587 gold pieces.

Inventory:

Hand Weapons
 b - a +1 sling
Missiles
 s - 7 boomerangs of dispersal
 u - 2 throwing nets
 v - 34 stones
 C - 6 javelins
Jewellery
 n - a +6 ring of dexterity (left tentacle)
 I - an amulet of reflection
Wands
 l - a wand of roots (7)
 o - a wand of flame (20)
 t - a wand of paralysis (5)
Scrolls
 a - 5 scrolls of blinking
 d - 3 scrolls of vulnerability {unknown}
 e - 2 scrolls of poison
 g - 2 scrolls of magic mapping
 i - 4 scrolls of amnesia
 j - a scroll of enchant weapon
 k - a scroll of noise
 m - a scroll of summoning {unknown}
 q - a scroll of immolation
 r - 4 scrolls of teleportation
 D - a scroll of enchant armour
 F - a scroll of fear {unknown}
 H - a scroll of brand weapon {unknown}
Potions
 c - 2 potions of attraction
 f - 2 potions of curing
 h - a potion of ambrosia
 p - 2 potions of resistance
 x - 2 potions of might
 z - 3 potions of brilliance
 A - a potion of invisibility {unknown}
 B - a potion of mutation {unknown}
 E - 2 potions of flight
 J - 2 potions of degeneration {unknown}


   Skills:
 + Level 4.8 Fighting
 + Level 3.6 Ranged Weapons
 + Level 4.7 Throwing
 + Level 5.0 Dodging
 * Level 9.3 Stealth
 + Level 4.9 Unarmed Combat
 + Level 4.7 Spellcasting
 + Level 5.5 Translocations
 + Level 3.3 Invocations
 + Level 4.1 Evocations


You had 11 spell levels left.
You knew the following spells:

 Your Spells              Type           Power      Damage    Failure   Level
a - Blink                 Tloc           62%        N/A       1%          2
b - Lesser Beckoning      Tloc           62%        N/A       1%          2
c - Teleport Other        Tloc           31%        N/A       3%          3

Your spell library contained the following spells:

 Spells                   Type           Power      Damage    Failure   Level
 Vhi's Electric Charge    Tloc/Air       36%        N/A       10%         3
 Manifold Assault         Tloc           31%        N/A       10%         4
 Poisonous Vapours        Pois/Air       10%        N/A       14%         2
 Scorch                   Fire           10%        2d5       14%         2
 Mephitic Cloud           Conj/Pois/Air  5%         N/A       28%         3
 Flame Wave               Conj/Fire      5%         2d5       67%         4
 Freezing Cloud           Conj/Ice/Air   2%         6-21      95%         5
 Summon Cactus Giant      Summ           2%         N/A       100%        6


Dungeon Overview and Level Annotations

Branches:
Dungeon (10/15)            Temple (1/1) D:6            Lair (0/5) D:10
Ossuary (visited)
    Orc: D:9-12

Altars:
Ashenzari
Cheibriados
Dithmenos
Elyvilon
Fedhas
Gozag
Hepliaklqana
Kikubaaqudgha
Makhleb
Nemelex Xobeh
Okawaru
Qazlal
Ru
Sif Muna
Trog
Uskayaw
Vehumet
Wu Jian
Xom
Yredelemnul
Zin
The Shining One

Annotations:
D:5 2 transporters, ytrimaz's ghost, novice NaTm
D:10 exclusion: two-headed ogre


Innate Abilities, Weirdness & Mutations

You cannot wear most types of armour.
You are amphibious.
You can wear up to eight rings at the same time.
Your skin changes colour to match your surroundings (Stealth+).
Your rubbery body absorbs attacks. (AC +1, EV +1)
((You are camouflaged when in or above water. (Stealth+)))
You have tentacles for arms and can constrict up to eight enemies at once.


Message History

As you read the scroll of identify, it crumbles to dust.
z - 3 potions of brilliance
As you read the scroll of identify, it crumbles to dust.
E - 2 potions of flight Search for what [Enter for "jav", or ? for help]? ring
Found 15 gold pieces.
A troll comes into view.
You shoot a sling bullet.
The sling bullet barely misses the troll.
You shoot a sling bullet.
The sling bullet barely misses the troll.
You shoot a sling bullet.
The sling bullet closely misses the troll.
Okay, then.
Throw: dart (poison)
Press: ? - help, Shift-Dir - straight line, f/p - troll
Aim: a troll (68% to hit)
You throw a poisoned dart. The poisoned dart hits the troll.
The troll is poisoned.
Throw: dart (curare)
Press: ? - help, Shift-Dir - straight line, f/p - troll
Aim: a troll (lightly wounded, poisoned, 68% to hit)
You throw a curare-tipped dart.
The curare-tipped dart barely misses the troll.
You are now empty-tentacled.
You barely miss the troll. The troll bites you!! The troll closely misses you.
The troll barely misses you.
You barely miss the troll. You squeeze the troll!
The troll is moderately wounded.
The troll bites you! The troll barely misses you. The troll closely misses you.
You barely miss the troll.
The troll is lightly wounded.
You barely miss the troll. Your squeeze misses the troll.
The troll is moderately wounded.
The troll bites you! The troll claws you. x2
* * * LOW HITPOINT WARNING * * *
You closely miss the troll.
The troll is moderately wounded.
The troll bites you!
You die...

######...........
#..................
#..................
#........>.........
#..................
######.............(....
........................
.................T......
.########..####.@# .#
#..# #..# .# #..# #..#
.########..####..#####.
........................
........................
###..........#########$.
#..........#
#.........$#


You could see a troll (poisoned).

Vanquished Creatures
  A hornet (D:9)
  A wraith (D:9)
  A shadow (D:9)
  A wyvern (D:8)
  A vampire (D:9)
  A steam dragon (D:7)
  Edmund (D:5)
  An acid dragon (D:10)
  3 water moccasins
  A sky beast (D:7)
  An ice beast (D:8)
  2 black bears (D:6)
  2 centaurs
  2 ogres
  A kobold brigand (D:9)
  4 bullfrogs
  A gnoll sergeant (D:7)
  4 water moccasin zombies (Ossuary)
  4 wights (D:8)
  A howler monkey (D:9)
  An electric eel (D:7)
  A lava snake (D:7)
  4 hounds
  2 jellies
  5 gnoll boudas
  2 iguanas
  2 sleepcaps
  Natasha (thrice) (D:3)
  6 orc wizards
  2 mummies (Ossuary)
  37 gnolls
  4 adders
  A shadow imp (D:7)
  4 white imps
  An ufetubus (D:6)
  2 adder zombies (Ossuary)
  2 worms (D:3)
  16 orcs
  6 endoplasms
  3 giant cockroaches
  2 gnoll zombies (Ossuary)
  4 goblins
  2 hobgoblins
  2 jackals (D:1)
  4 kobolds
  4 quokkas
  7 ball pythons
  4 bats
  2 frilled lizards
  4 hobgoblin zombies (Ossuary)
  3 kobold zombies (Ossuary)
  5 orc zombies (Ossuary)
  6 rats
187 creatures vanquished.

Vanquished Creatures (others)
  2 fungi (D:2)
2 creatures vanquished.

Grand Total: 189 creatures vanquished

Notes
Turn   | Place    | Note
-------+----------+-------------------------------------------
     0 | D:1      | BlueFish the Octopode Warper began the quest for the Orb.
     0 | D:1      | Reached XP level 1. HP: 14/14 MP: 3/3
    42 | D:1      | You fall into a shaft and drop 1 floor!
    74 | D:2      | Reached XP level 2. HP: 17/19 MP: 5/5
    77 | D:2      | Learned a level 2 spell: Blink
    80 | D:2      | Learned a level 2 spell: Lesser Beckoning
   103 | D:2      | Reached skill level 1 in Stealth
   495 | D:1      | Reached XP level 3. HP: 24/24 MP: 6/6
   905 | D:2      | Reached skill level 2 in Stealth
  1156 | D:2      | Found a faded altar of an unknown god.
  1448 | D:3      | Reached XP level 4. HP: 14/29 MP: 7/7
  1465 | D:3      | Learned a level 3 spell: Teleport Other
  1825 | D:3      | Noticed Natasha
  1948 | D:3      | Killed Natasha
  1999 | D:3      | Noticed Natasha
  2004 | D:3      | Killed Natasha
  2005 | D:3      | Reached skill level 3 in Stealth
  2005 | D:3      | Reached XP level 5. HP: 25/35 MP: 8/8
  2079 | D:3      | Noticed Natasha
  2090 | D:3      | Killed Natasha
  2576 | D:3      | Reached XP level 6. HP: 30/41 MP: 6/9
  2702 | D:4      | Reached skill level 4 in Stealth
  3253 | D:5      | Entered Level 5 of the Dungeon
  3299 | D:5      | Found a hazy altar of Hepliaklqana.
  3344 | D:5      | Reached XP level 7. HP: 43/46 MP: 11/11
  3370 | D:5      | Found an iron altar of Okawaru.
  3478 | D:5      | Found a transporter.
  3484 | D:5      | Found a transporter.
  3502 | D:5      | Noticed Edmund
  3507 | D:5      | Reached skill level 5 in Stealth
  3509 | D:5      | Noticed ytrimaz's ghost (novice NaTm)
  3524 | D:5      | Killed Edmund
  3610 | D:5      | Reached skill level 1 in Evocations
  4003 | D:5      | Reached skill level 1 in Ranged Weapons
  4371 | D:6      | Reached XP level 8. HP: 45/52 MP: 12/12
  4476 | D:6      | Reached skill level 6 in Stealth
  4894 | D:6      | Found a staircase to the Ecumenical Temple.
  4904 | Temple   | Entered the Ecumenical Temple
  4909 | Temple   | Became a worshipper of Cheibriados the Contemplative
  5390 | D:6      | Found a shadowy altar of Dithmenos.
  5657 | D:7      | Reached skill level 1 in Invocations
  5687 | D:7      | Found a sand-covered staircase.
  5694 | Ossuary  | Entered an ossuary
  5699 | Ossuary  | Reached * piety under Cheibriados
  5898 | Ossuary  | Reached skill level 7 in Stealth
  6195 | D:7      | Reached XP level 9. HP: 30/58 MP: 14/14
  6386 | D:7      | HP: 2/58 [steam dragon (3)]
  7115 | D:7      | Reached ** piety under Cheibriados
  7445 | D:7      | Reached skill level 5 in Translocations
  7982 | D:8      | Reached skill level 8 in Stealth
  8007 | D:8      | Noticed a two-headed ogre
  9830 | D:9      | Reached XP level 10. HP: 25/65 MP: 16/16
 10137 | D:9      | Reached skill level 9 in Stealth
 10666 | D:9      | Found a shimmering blue altar of Sif Muna.
 10743 | D:9      | Reached skill level 5 in Dodging
 10743 | D:9      | Reached *** piety under Cheibriados
 11313 | D:10     | Entered Level 10 of the Dungeon
 11313 | D:10     | Found a staircase to the Lair.
 11416 | D:10     | Noticed a two-headed ogre
 11458 | D:10     | Found a shimmering altar of Xom.
 11846 | D:10     | Slain by a troll

Illustrated notes

Levels and vault maps discovered:
D:1:      scummos_arrival_simple_crosswalls, layout_basic
D:2:      layout_loops_ring, shapermc_ecumenical_altar_hornbeckon,
          minmay_cut_off
D:3:      layout_basic, uniq_natasha
D:4:      layout_rooms, minmay_misc_feat_rows, minmay_diced_spiral
D:5:      layout_loops_ring, general_overflow_altar,
          nicolae_hepliaklqana_hippocampus, gammafunk_ghost_hive, uniq_edmund
D:6:      layout_basic, kennysheep_mini, minmay_temple_entry_glass,
          serial_glass, glass_columns_b, glass_columns_a, moated_statue
D:7:      layout_basic, nicolae_ossuary_entry_ruins, nicolae_lava_and_water,
          dk_noncrumbling_2, kennysheep_another_room
D:8:      layout_loops_ring
D:9:      layout_gridville, nicolae_sif_muna_little_library
D:10:     layout_small_grid, mainiacjoe_overflow_cross_hatched,
          lair_entry_dummy, minmay_stone_trees_small, nicolae_stop_n_shop_2
Temple:   sentei_temple_godly_chess

Skill      XL: |  1  2  3  4  5  6  7  8  9 10 |
---------------+-------------------------------+-----
Stealth        | 1 2 3 4 5 7 8 9 |  9.3
Throwing       | 2 3 4 |  4.7
Dodging        | 3 4 5 |  5.0
Unarmed Combat | 3 4 |  4.9
Fighting       | 3 4 |  4.8
Spellcasting   | 3 4 |  4.7
Translocations | 4 5 |  5.5
Evocations     | 1 2 3 4 |  4.1
Ranged Weapons | 1 2 3 |  3.6
Invocations    | 1 2 3 |  3.3

Action                     |  1- 3 |  4- 6 |  7- 9 | 10-12 || total
---------------------------+-------+-------+-------+-------++-------
  Melee: Unarmed           |    92 |    90 |   341 |    62 ||   585
         Constrict         |    22 |    21 |    88 |     9 ||   140
         Tentacles         |    18 |    27 |   113 |    16 ||   174
         Punch             |       |     3 |    12 |     5 ||    20
   Fire: Sling             |       |     7 |   170 |    38 ||   215
  Throw: Stone             |       |     6 |     1 |       ||     7
         Dart              |       |     3 |     8 |     5 ||    16
         Throwing net      |       |       |       |     2 ||     2
   Cast: Lesser Beckoning  |       |     8 |    24 |     5 ||    37
         Teleport Other    |       |       |    18 |       ||    18
         Blink             |       |       |     7 |     1 ||     8
  Evoke: Wand              |       |       |     2 |       ||     2
    Use: Scroll            |     2 |     3 |     7 |     7 ||    19
         Potion            |       |       |     5 |     3 ||     8
   Stab: Sleeping          |     8 |     1 |     1 |       ||    10
 Armour: Skin              |     8 |     3 |    10 |    20 ||    41
  Dodge: Dodged            |    59 |    36 |   225 |    44 ||   364

Table legend: (Time is in decaauts)
 A = Elapsed time spent in this place.
 B = Non-inter-level travel time spent in this place.
 C = Inter-level travel time spent in this place.
 D = Time resting spent in this place.
 E = Time spent auto-exploring this place.
 F = Levels seen in this place.
 G = Mean time per level.
                   A        B        C        D        E       F      G
               +--------+--------+--------+--------+--------+-----+--------+
         Total |  13252 |  12689 |    563 |    695 |   9649 |  12 | 1104.3 |
       Dungeon |  12713 |  12150 |    563 |    667 |   9388 |  10 | 1271.3 |
        Temple |     11 |     11 |      0 |      0 |      0 |   1 |   11.0 |
       Ossuary |    527 |    527 |      0 |     28 |    261 |   1 |  527.0 |
               +--------+--------+--------+--------+--------+-----+--------+

Top non-repeatable levels by time:
     D:7: 2544 daAuts
     D:8: 2188 daAuts
     D:9: 1879 daAuts
     D:6: 1144 daAuts
     D:5: 1043 daAuts
     D:3: 986 daAuts
     D:4: 862 daAuts
     D:2: 829 daAuts
    D:10: 646 daAuts
     D:1: 588 daAuts
 Ossuary: 527 daAuts
  Temple: 11 daAuts
